 Dungeon Crawl Stone Soup version 0.24-a0-536-gdd4cf15266 (webtiles) character file.

Game seed: 14498264800869506590

515 Gargoyl the Chopper (level 7, -1/59 HPs)
             Began as a Centaur Abyssal Knight on Aug 11, 2019.
             Was a Believer of Lugonu.
             Succumbed to an orc's poison
             ... on level 4 of the Dungeon.
             The game lasted 00:05:38 (3584 turns).

Gargoyl the Chopper (Centaur Abyssal Knight)        Turns: 3584, Time: 00:05:38

Health: -1/59      AC: 19    Str: 15    XL:     7   Next: 0%
Magic:  10/10      EV:  6    Int: 11    God:    Lugonu [**....]
Gold:   231        SH:  0    Dex: 10    Spells: 6/6 levels left

rFire    . . .     SeeInvis .   a - +2 hand axe
rCold    . . .     Gourm    .   (no shield)
rNeg     . . .     Faith    .   e - +0 chain mail
rPois    .         Spirit   .   q - +2 hat
rElec    .         Reflect  .   (no cloak)
rCorr    .         Harm     .   (no gloves)
MR       .....                  h - +0 centaur barding
Stlth    ..........             (no amulet)
HPRegen  0.19/turn              i - +5 ring of protection
MPRegen  0.12/turn              g - +3 ring of evasion

@: lethally poisoned (-1 -> -23), berserk cooldown, slowed, invisible
A: large, hooves 3, deformed body, speed 2, high mp 1, screaming 1, tough skin 3
a: Depart the Abyss, Bend Space, Renounce Religion


You were on level 4 of the Dungeon.
You worshipped Lugonu.
Lugonu was pleased with you.
You were not hungry.

You visited 1 branch of the dungeon, and saw 4 of its levels.
You visited the Abyss 1 time.

You collected 231 gold pieces.

Inventory:

Hand Weapons
 a - a +2 hand axe (weapon)
Armour
 e - a +0 chain mail (worn)
 h - a +0 centaur barding (worn)
 q - a +2 hat (worn)
Jewellery
 g - a +3 ring of evasion (right hand)
 i - a +5 ring of protection (left hand)
Wands
 o - a wand of paralysis (10)
Scrolls
 b - a scroll of magic mapping
 f - a scroll of identify
 p - a scroll of remove curse
 t - a scroll of teleportation
Potions
 d - a potion of haste
 k - 2 potions of mutation
 m - a potion of heal wounds {unknown}
 n - a potion of might {unknown}
 r - a potion of lignification {unknown}
 u - a potion of brilliance {unknown}
Comestibles
 c - 5 rations


   Skills:
 + Level 4.0 Fighting
 + Level 4.1 Axes
 * Level 3.0 Armour
 * Level 2.0 Dodging
 * Level 3.6 Invocations


You had 6 spell levels left.
You didn't know any spells.
Your spell library was empty.

Dungeon Overview and Level Annotations

Branches:
Dungeon (4/15)
 Temple: D:4-7

Altars:
Dithmenos
Vehumet


Innate Abilities, Weirdness & Mutations

You have hooves in place of feet.
Armour fits poorly on your strangely shaped body.
You cover ground very quickly.
You have extremely tough skin. (AC +3)
You have an increased reservoir of magic. (+10% MP)
You occasionally shout uncontrollably at your foes.


Message History

You have reached level 7!
* * * LOW HITPOINT WARNING * * *
You feel sick.
Unknown command.
* * * LOW HITPOINT WARNING * * *
You feel sick.
You feel a strong urge to attack something.
* * * LOW HITPOINT WARNING * * *
You feel sick.
You are no longer berserk.
You are exhausted.
You feel yourself slow down.
* * * LOW HITPOINT WARNING * * *
You feel sick.
* * * LOW HITPOINT WARNING * * *
You feel very sick.
You see here an ancient spear.
It was a potion of invisibility.
You fade into invisibility!
You die...

......# #..# #....
.....###..# #....
#...###.## ##....
##........###.....
#)).......##......
#.)..###.....#....
##...####...####...
#....###....# ###.
#.@..##.....# ####.
#................###....
##.....................#
##.................####
##..........#...#.#
#.#........##..#.#
#.##..#...###..##. ..
...#...# ##.# .# ... #.#
#.


There were no monsters in sight!

Vanquished Creatures
  Eustachio (D:4)
  A howler monkey (D:4)
  An orc priest (D:4)
  2 orc wizards
  A bullfrog skeleton (D:4)
  3 worker ants (D:4)
  4 gnolls (D:3)
  2 adders (D:2)
  2 worms
  A dart slug (D:1)
  8 leopard geckos
  6 orcs
  2 giant cockroaches
  11 goblins
  7 hobgoblins
  17 jackals
  7 bats
  4 frilled lizards
  A kobold (D:2)
  A quokka skeleton (D:4)
  8 rats
90 creatures vanquished.

Notes
Turn   | Place    | Note
-------+----------+-------------------------------------------
     0 | Abyss:1  | Gargoyl the Centaur Abyssal Knight began the quest for the
                  | Orb.
     0 | Abyss:1  | Reached XP level 1. HP: 19/19 MP: 2/2
     0 | Abyss:1  | Found a corrupted altar of Lugonu.
    45 | Abyss:1  | Noticed a large abomination
    92 | Abyss:1  | Noticed a tentacled starspawn
   113 | Abyss:1  | Noticed a spatial maelstrom
   113 | Abyss:1  | Noticed a spatial vortex
   114 | Abyss:1  | Noticed a smoke demon
   119 | Abyss:1  | Noticed a spatial vortex
   121 | D:1      | Escaped the Abyss
   615 | D:1      | Reached XP level 2. HP: 26/26 MP: 3/3
   842 | D:1      | Reached * piety under Lugonu
  1013 | D:1      | Reached skill level 1 in Dodging
  1416 | D:2      | Reached XP level 3. HP: 31/31 MP: 4/4
  1683 | D:2      | Reached XP level 4. HP: 35/38 MP: 5/5
  1930 | D:2      | Reached ** piety under Lugonu
  1944 | D:2      | Found a radiant altar of Vehumet.
  2114 | D:3      | Gained mutation: You occasionally shout uncontrollably at
                  | your foes. [potion of mutation]
  2114 | D:3      | Gained mutation: You have an increased reservoir of magic.
                  | (+10% MP) [potion of mutation]
  2170 | D:3      | Reached XP level 5. HP: 32/46 MP: 7/7
  2929 | D:4      | Noticed Eustachio
  2956 | D:4      | Killed Eustachio
  2956 | D:4      | Reached XP level 6. HP: 43/52 MP: 9/9
  3149 | D:4      | Found a shadowy altar of Dithmenos.
  3579 | D:4      | Reached XP level 7. HP: 12/59 MP: 10/10
  3583 | D:4      | HP: 2/59 [poisoned by an orc]
  3584 | D:4      | Succumbed to an orc's poison

Levels and vault maps discovered:
D:1:      roderic_octagonal_star, layout_basic, serial_rivers,
          chequers_serial_rivers_small_a, chequers_serial_rivers_micro_c,
          chequers_serial_rivers_micro_b, chequers_serial_rivers_micro_e,
          chequers_serial_rivers_small_b
D:2:      layout_rooms, marbit_many_paths
D:3:      layout_rooms
D:4:      layout_layer_cave, first_ration, minmay_ruined_shrine, uniq_eustachio

Skill      XL: |  1  2  3  4  5  6 |
---------------+-------------------+-----
Dodging        | 1 2 |  2.0
Axes           | 2 3 4 |  4.1
Armour         | 2 3 |  3.0
Invocations    | 3 |  3.6
Fighting       | 4 |  4.0

Action                   |  1- 3 |  4- 6 |  7- 9 || total
-------------------------+-------+-------+-------++-------
Melee: Hand axe          |   114 |   131 |       ||   245
       Kick              |     9 |    30 |       ||    39
Invok: Depart the Abyss  |     1 |       |       ||     1
Evoke: Wand              |       |     1 |       ||     1
  Use: Potion            |     1 |     2 |     1 ||     4
       Scroll            |       |     9 |       ||     9
 Stab: Paralysed         |       |     6 |       ||     6
  Eat: Chunk             |     1 |     5 |       ||     6
Armor: Chain mail        |   124 |   142 |       ||   266
Dodge: Dodged            |    77 |    61 |       ||   138

Table legend:
 A = Non-vault XP
 B = Vault XP
 C = Vault XP percentage of total XP
 D = Non-vault monster count
 E = Vault monster count
 F = Vault count percentage of total count
                 A         B        C        D         E       F
            +---------+---------+-------+---------+---------+-------
      Total |     467 |     269 |  36.5 |      84 |       6 |   6.7
            +---------+---------+-------+---------+---------+-------
        D:1 |      39 |       0 |   0.0 |      20 |       0 |   0.0
        D:2 |      80 |       3 |   3.6 |      32 |       1 |   3.0
        D:3 |     134 |       0 |   0.0 |      20 |       0 |   0.0
        D:4 |     214 |     266 |  55.4 |      12 |       5 |  29.4
            +---------+---------+-------+---------+---------+-------
